 Dungeon Crawl Stone Soup version 0.30-a0-738-g116ff8c4af (webtiles) character file.

Game seed: 9093722732771050902

1177 chunkyMonkey the Trooper (level 8, 0/55 HPs)
             Began as an Octopode Fighter on Feb 3, 2023.
             Was an Initiate of Okawaru.
             Killed by divine providence
             ... invoked by an orc priest
              (10 damage)
             ... on level 6 of the Dungeon.
             The game lasted 00:12:16 (5164 turns).

chunkyMonkey the Trooper (Octopode Fighter)         Turns: 5164, Time: 00:12:16

Health: 0/55       AC:  1    Str: 16    XL:     8   Next: 41%
Magic:  0/11       EV: 14    Int: 10    God:    Okawaru [......]
Gold:   296        SH:  5    Dex: 13    Spells: 11/11 levels left

rFire   . . .      SeeInvis .    l - +1 dagger (elec)
rCold   . . .      Faith    .    b - +0 buckler
rNeg    . . .      Spirit   +    (helmet restricted)
rPois   .          Reflect  .    d - amulet of guardian spirit
rElec   .          Harm     .    (no ring)
rCorr   .          Rampage  .    (no ring)
Will    .....                    (no ring)
Stlth   +++                      (no ring)
HPRegen 0.29/turn                (no ring)
MPRegen 0.12/turn                (no ring)
                                 (no ring)
                                 (no ring)

@: no status effects
A: almost no armour, amphibious, 8 rings, camouflage 1, gelatinous body 1,
(nimble swimmer 1), tentacles
a: Renounce Religion


You were on level 6 of the Dungeon.
You worshipped Okawaru.
Okawaru was noncommittal.
You visited 2 branches of the dungeon, and saw 8 of its levels.
You also visited: Sewer.

You collected 296 gold pieces.

Inventory:

Hand Weapons
 a - a +0 war axe
 l - a +1 dagger of electrocution (weapon)
 t - a +1 dagger of speed
 D - a +3 flail of protection
Missiles
 c - 3 throwing nets
 p - 5 curare-tipped darts (quivered)
 w - 8 poisoned darts
Armour
 b - a +0 buckler (worn)
Magical Staves
 u - a staff of poison
Jewellery
 d - an amulet of guardian spirit (around mantle)
 y - a ring of flight
 A - a ring of ice
Wands
 z - a wand of charming (5)
 E - a wand of acid (7)
Scrolls
 j - a scroll of magic mapping
 m - 2 scrolls of blinking
 r - 2 scrolls of fog
 v - a scroll of amnesia
 B - a scroll of torment {unknown}
 F - a scroll of vulnerability {unknown}
 G - a scroll of identify
 H - a scroll of enchant weapon {unknown}
Potions
 e - 2 potions of curing
 f - 3 potions of haste {unknown}
 g - 3 potions of heal wounds
 h - 2 potions of brilliance {unknown}
 k - a potion of ambrosia {unknown}
 n - a potion of degeneration {unknown}
 o - 2 potions of lignification {unknown}
 q - a potion of invisibility {unknown}
 s - a potion of might
 C - a potion of mutation {unknown}
 I - a potion of resistance {unknown}


   Skills:
 * Level 5.2 Fighting
 + Level 2.3 Short Blades
 * Level 4.5 Axes
 * Level 5.0 Dodging
 + Level 3.9 Stealth
 - Level 5.1 Shields
 + Level 2.2 Spellcasting


You had 11 spell levels left.
You didn't know any spells.
Your spell library contained the following spells:

 Spells                   Type           Power      Damage    Failure   Level
 Kiss of Death            Conj/Necr      4%         2d5       36%         1
 Confusing Touch          Hex            1%         N/A       75%         3
 Dispel Undead            Necr           1%         3d6       98%         4
 Chain Lightning          Conj/Air       0%         2d1       100%        9
 Fire Storm               Conj/Fire      0%         6d1       100%        9
 Shatter                  Erth           0%         3d5*      100%        9


Dungeon Overview and Level Annotations

Branches:
Dungeon (7/15)             Temple (1/1) D:4           Sewer (visited)

Altars:
Ashenzari
Dithmenos
Elyvilon
Fedhas
Gozag
Kikubaaqudgha
Nemelex Xobeh
Okawaru
Qazlal
Sif Muna
Uskayaw
Vehumet
Zin
The Shining One

Shops:
D:2 (

Annotations:
D:7 Dowan, Duvessa


Innate Abilities, Weirdness & Mutations

You cannot wear most types of armour.
You are amphibious.
You can wear up to eight rings at the same time.
Your skin changes colour to match your surroundings (Stealth+).
Your rubbery body absorbs attacks. (AC +1, EV +1)
((You are camouflaged when in or above water. (Stealth+)))
You have tentacles for arms and can constrict up to eight enemies at once.


Message History

You can't go up here!
Unknown command.
As you read the scroll of magic mapping, it crumbles to dust.
You feel aware of your surroundings.
You sensed 1 shop/portal.
Something hits you.
* * * LOW HITPOINT WARNING * * *
The white imp completely misses you.
A sky beast appears from thin air!
Reactivating autopickup.
You block the sky beast's attack.
Unknown command.
You feel much better. Something hits you.
Deactivating autopickup; reactivate with Ctrl-A.
The white imp gestures at you. The puff of frost hits you!
The sky beast hits you. The sky beast shocks you.
* * * LOW HITPOINT WARNING * * *
Blink to where?
Press: ? - help, Dir - move target Oops!
There was something there already!
You blink.
As you read the scroll of blinking, it crumbles to dust.
The white imp gestures at you. The puff of frost hits you!
* * * LOW HITPOINT WARNING * * *
Something barely misses you.
An orc wizard appears from thin air!
Reactivating autopickup.
The orc wizard gestures wildly while chanting.
The orc wizard flickers and vanishes!
Deactivating autopickup; reactivate with Ctrl-A.
The white imp gestures at you.
The puff of frost hits something!
Reactivating autopickup.
You feel a bit more experienced.
The sky beast flickers out of sight!
Deactivating autopickup; reactivate with Ctrl-A.
A sky beast appears from thin air!
Reactivating autopickup.
The orc priest mumbles some strange prayers to Beogh against you.
Beogh smites you!
You die...

#* #...#..#####.<#.##.##
.###.....###.#..o###...# ######
..##..........#.{####..## ##.#.#.
..#...........#o..# #...###......
.>...##.........l§#####.l.#......
.............##.5Y.# #.oo#....#,
.#...........##....## ##.......#,
##......######......# #.....#..#,
,.>##.....,*#...@..##*##....#..#*
..##...............#,**#......##
..,##...##....#.......,#.......##
..,,,........##..........####.o.#
*,,*,,**,...#*#..........# ##...
,,,*,****#.#**#.........## ##oo.
,,,,,** *..,**..........** ##..lo
,,,*,,***,,,**#..........###.....
,,,*,,,,,,,,,*,,,,.........>.....


You could see a sky beast, an iguana, an orc priest, a white imp and an orc.

Vanquished Creatures
  Edmund (D:5)
  A water moccasin (D:5)
  Pargi (Sewer)
  A phantom (D:5)
  A bullfrog (D:7)
  3 necrophages
  A hound (D:5)
  2 jellies
  4 iguanas
  Natasha (thrice) (D:2)
  An orc wizard (D:5)
  Robin (D:3)
  9 adders
  3 gnolls (D:2)
  An ufetubus (D:5)
  3 worms
  A dart slug (D:1)
  2 orcs
  5 endoplasms
  4 giant cockroaches
  15 goblins
  7 hobgoblins
  2 quokkas
  17 ball pythons
  4 bats
  8 frilled lizards
  10 kobolds
  7 rats
118 creatures vanquished.

Vanquished Creatures (others)
  An orc wizard (D:6)
  A plant (D:3)
2 creatures vanquished.

Grand Total: 120 creatures vanquished

Notes
Turn   | Place    | Note
-------+----------+-------------------------------------------
     0 | D:1      | chunkyMonkey the Octopode Fighter began the quest for the
                  | Orb.
     0 | D:1      | Reached XP level 1. HP: 16/16 MP: 1/1
   109 | D:1      | Reached XP level 2. HP: 19/21 MP: 2/2
   602 | D:2      | Reached XP level 3. HP: 26/26 MP: 3/3
   634 | D:2      | Reached skill level 1 in Stealth
   637 | D:2      | Noticed Natasha
   651 | D:2      | Killed Natasha
   708 | D:2      | Reached XP level 4. HP: 24/31 MP: 5/5
   949 | D:2      | Found Buiw's Antique Weapon Emporium.
  1006 | D:2      | Noticed Natasha
  1011 | D:2      | Killed Natasha
  1012 | D:2      | Reached skill level 1 in Spellcasting
  1012 | D:2      | Reached XP level 5. HP: 36/36 MP: 6/6
  1029 | D:2      | Noticed Natasha
  1038 | D:2      | Killed Natasha
  1424 | D:3      | Found a glowing drain.
  1474 | Sewer    | Entered a sewer
  1613 | Sewer    | Noticed Pargi
  1713 | Sewer    | Killed Pargi
  1714 | Sewer    | Reached skill level 1 in Short Blades
  1714 | Sewer    | Reached XP level 6. HP: 22/43 MP: 7/7
  2078 | D:3      | Found a glowing silver altar of Zin.
  2234 | D:3      | Noticed Robin
  2255 | D:3      | Killed Robin
  2849 | D:4      | You fall into a shaft and drop 3 floors!
  2867 | D:7      | Reached XP level 7. HP: 43/49 MP: 9/9
  2927 | D:7      | Noticed Duvessa
  2927 | D:7      | Noticed Dowan
  3034 | D:5      | Entered Level 5 of the Dungeon
  3347 | D:5      | Reached XP level 8. HP: 51/54 MP: 9/11
  3386 | D:5      | Noticed Edmund
  3395 | D:5      | Killed Edmund
  3396 | D:5      | Reached skill level 5 in Fighting
  3396 | D:5      | Reached skill level 5 in Shields
  3564 | D:5      | Found a shimmering blue altar of Sif Muna.
  4292 | D:4      | Reached skill level 5 in Dodging
  4454 | D:4      | Found a staircase to the Ecumenical Temple.
  4458 | Temple   | Entered the Ecumenical Temple
  4562 | Temple   | Became a worshipper of Warmaster Okawaru
  5113 | D:6      | Found a shadowy altar of Dithmenos.
  5164 | D:6      | Killed from afar by an orc priest

Illustrated notes

Levels and vault maps discovered:
D:1:      lightli_arrival_statue_moat, layout_basic, minmay_heptomino_o4
D:2:      layout_basic, serial_shops, nicolae_shop_hallway_stairs, uniq_natasha
D:3:      layout_loops_corners, zin_academy, portal_sewer_entry_c, minivault_19,
          minmay_shallow_snake_nest, uniq_robin
D:4:      layout_gridville, minmay_temple_entry_trees,
          eino_small_chamber_without_monster
D:5:      layout_basic, tgw_sif, uniq_edmund
D:6:      layout_cave_pools, general_overflow_altar, serial_shops,
          nicolae_shop_stone
D:7:      layout_basic, lemuel_round_altar, lemuel_doored_altar,
          minmay_manual_mullet, uniq_duvessa
Temple:   jpeg_temple_clearing

Skill      XL: |  1  2  3  4  5  6  7  8 |
---------------+-------------------------+-----
Stealth        | 1 2 3 |  3.9
Spellcasting   | 1 2 |  2.2
Fighting       | 4 5 |  5.2
Short Blades   | 1 2 |  2.3
Axes           | 3 4 |  4.5
Shields        | 4 5 |  5.1
Dodging        | 4 5 |  5.0

Action                     |  1- 3 |  4- 6 |  7- 9 || total
---------------------------+-------+-------+-------++-------
  Melee: War axe           |    50 |     5 |       ||    55
         Constrict         |     4 |    27 |    14 ||    45
         Tentacles         |     2 |    28 |    21 ||    51
         Punch             |     1 |     1 |     1 ||     3
         Dagger            |       |   126 |    74 ||   200
  Throw: Dart              |       |     3 |       ||     3
    Use: Potion            |       |     1 |     1 ||     2
         Scroll            |       |     6 |     4 ||    10
   Stab: Sleeping          |     8 |    11 |     7 ||    26
 Armour: Skin              |     6 |     3 |     5 ||    14
  Dodge: Dodged            |    31 |    86 |    48 ||   165
  Block: Buckler           |    15 |    33 |    19 ||    67

Table legend: (Time is in decaauts)
 A = Elapsed time spent in this place.
 B = Non-inter-level travel time spent in this place.
 C = Inter-level travel time spent in this place.
 D = Time resting spent in this place.
 E = Time spent auto-exploring this place.
 F = Levels seen in this place.
 G = Mean time per level.
                   A        B        C        D        E       F      G
               +--------+--------+--------+--------+--------+-----+--------+
         Total |   5180 |   4994 |    186 |    542 |   3113 |   9 |  575.6 |
       Dungeon |   4680 |   4509 |    171 |    542 |   2844 |   7 |  668.6 |
        Temple |    120 |    105 |     15 |      0 |     65 |   1 |  120.0 |
         Sewer |    379 |    379 |      0 |      0 |    204 |   1 |  379.0 |
               +--------+--------+--------+--------+--------+-----+--------+

Top non-repeatable levels by time:
     D:5: 1183 daAuts
     D:3: 1082 daAuts
     D:2: 770 daAuts
     D:4: 738 daAuts
     D:1: 612 daAuts
   Sewer: 379 daAuts
     D:7: 158 daAuts
     D:6: 133 daAuts
  Temple: 120 daAuts
